 Dungeon Crawl Stone Soup version 0.32-a0-976-g7161d331b1 (webtiles) character file.

Game seed: 940937244099211508

9838 HourglassMan the Cleaver (level 11, -4/91 (102) HPs)
             Began as a Minotaur Delver on Apr 20, 2024.
             Was a Priest of Beogh.
             Killed by divine providence
             ... invoked by Learuk the orc apostle
              (12 damage)
             ... on level 11 of the Dungeon.
             The game lasted 00:15:26 (11868 turns).

HourglassMan the Cleaver (Minotaur Delver)         Turns: 11868, Time: 00:15:27

HP:   -4/91 (102)   AC: 15    Str: 21    XL:     11   Next: 28%
MP:   13/13         EV:  8    Int:  7    God:    Beogh [***...]
Gold: 109           SH:  0    Dex: 12    Spells: 10/10 levels left

rFire   + . .        J - +4 battleaxe
rCold   . . .        (shield currently unavailable)
rNeg    . . .        t - +1 chain mail of the Ant {rElec}
rPois   .            (helmet restricted)
rElec   +            (no cloak)
rCorr   +            o - +1 pair of gloves
SInv    .            (no boots)
Will    .....        z - amulet of faith Stlth
                     m - ring of protection from fire
HPRegen 0.35/turn    C - ring of resist corrosion
MPRegen 0.13/turn

%: faith
@: hasted, heavily drained, very quick
A: horns 2, retaliatory headbutt
a: Renounce Religion, Smiting


You were on level 11 of the Dungeon.
You worshipped Beogh.
Beogh was most pleased with you.
You visited 2 branches of the dungeon, and saw 12 of its levels.

You collected 613 gold pieces.
You spent 504 gold pieces at shops.

Inventory:

Hand Weapons
 a - a +0 hand axe
 F - a +0 morningstar
 G - a +0 war axe
 J - a +4 battleaxe (weapon)
Missiles
 E - 28 poisoned darts (quivered)
Armour
 b - a +0 leather armour
 o - a +1 pair of gloves (worn)
 p - a +0 chain mail
 t - the +1 chain mail of the Ant (worn) {rElec}
   (You found it on level 11 of the Dungeon)

   rElec:     It insulates you from electricity.
Jewellery
 f - a ring of protection from fire
 h - a ring of ice
 m - a ring of protection from fire (left hand)
 n - a ring of wizardry
 z - an amulet of faith (around neck)
 C - a ring of resist corrosion (right hand)
Wands
 g - a wand of digging (3)
 y - a wand of iceblast (24)
 B - a wand of paralysis (15)
 D - a wand of flame (19)
 H - a wand of mindburst (14)
Scrolls
 c - 4 scrolls of fog
 e - 2 scrolls of fear
 k - a scroll of enchant armour
 l - 2 scrolls of revelation
 q - 5 scrolls of blinking
 s - 7 scrolls of teleportation {!t}
 N - a scroll of vulnerability
Potions
 j - a potion of invisibility
 r - a potion of brilliance
 u - 2 potions of enlightenment
 v - a potion of lignification {unknown}
 w - 4 potions of curing {unknown}
 x - a potion of magic {unknown}
 A - 3 potions of mutation {unknown}
 I - 2 potions of might {unknown}
 L - a potion of berserk rage {unknown}


   Skills:
 + Level 11.0 Fighting
 * Level 14.6 Axes
 + Level 9.9 Armour
 - Level 2.1 Dodging
 - Level 4.1 Stealth
 + Level 4.5 Invocations


You had 10 spell levels left.
You didn't know any spells.
Your spell library contained the following spells:

 Spells                   Type           Power      Damage    Failure   Level
 Magic Dart               Conj           0%         1d3       94%         1
 Necrotise                Necr           0%         1d4       94%         1
 Blink                    Tloc           0%         N/A       98%         2
 Call Imp                 Summ           0%         N/A       98%         2
 Tukima's Dance           Hex            0%         N/A       100%        3
 Vampiric Draining        Necr           0%         2d6       100%        3
 Martyr's Knell           Necr/Summ      0%         N/A       100%        4
 Olgreb's Toxic Radiance  Alch           0%         N/A       100%        4
 Passage of Golubria      Tloc           0%         N/A       100%        4
 Curse of Agony           Necr           0%         N/A       100%        5
 Yara's Violent Unravell  Hex/Alch       0%         3d3       100%        5
 Ozocubu's Refrigeration  Ice            0%         4d7       100%        7
 Discord                  Hex            0%         N/A       100%        8


Dungeon Overview and Level Annotations

Branches:
Dungeon (11/15)            Temple (1/1) D:5            Lair (0/5) D:8
    Orc (0/2) D:10

Altars:
Ashenzari
Cheibriados
Dithmenos
Elyvilon
Fedhas
Gozag
Hepliaklqana
Kikubaaqudgha
Makhleb
Nemelex Xobeh
Okawaru
Qazlal
Ru
Sif Muna
Trog
Uskayaw
Vehumet
Wu Jian
Xom
Yredelemnul
Zin
The Shining One
Beogh

Shops:
D:10 *

Annotations:
D:7 ! rElec or Repulsion needed, 3 exclusions, Joseph


Innate Abilities, Weirdness & Mutations

Your facial features look somewhat orcish.
You have a pair of horns on your head.
You reflexively headbutt those who attack you in melee.


Message History

You start resting.
Learuk is nearby!
You closely miss Learuk. Your headbutt misses Learuk.
Learuk calls down the wrath of Beogh upon you.
Beogh smites you!
* * * LOW HITPOINT WARNING * * *
Okay, then.
Okay, then.
You hit Learuk. Your headbutt misses Learuk.
Learuk is lightly wounded.
Learuk hits you with a +4 morningstar of draining!
* * * LOW HITPOINT WARNING * * *
You feel drained.
* * * LOW HITPOINT WARNING * * *
You feel yourself speed up.
Learuk hits you with a +4 morningstar of draining!
* * * LOW HITPOINT WARNING * * *
You feel drained.
* * * LOW HITPOINT WARNING * * *
You feel much better.
You hit Learuk.
Learuk is lightly wounded.
Learuk hits you with a +4 morningstar of draining!
* * * LOW HITPOINT WARNING * * *
You feel drained.
* * * LOW HITPOINT WARNING * * *
You barely miss Learuk.
Learuk is lightly wounded.
Learuk hits you with a +4 morningstar of draining!
* * * LOW HITPOINT WARNING * * *
You feel drained.
* * * LOW HITPOINT WARNING * * *
Okay, then.
Press: ? - help, v - describe, . - travel The floor.
Items here: ))) [[ ††.
Learuk invokes the aid of Beogh against you.
Beogh smites you!
You die...
Beogh appreciates Learuk's killing of a heretic priest.

..###.......####...........#
#...#.#'####################
###...<.........
.......)........
.......)......##
.........###### .####+#...##
......#..### ......##.@.#
.......####.# .......# #)##
....... #o.###.#
.......#####..).>#
.o.....†####.# ........#
........# ........#


You could see Learuk the orc apostle (divinely empowered).

Vanquished Creatures
  A centaur warrior (D:10)
  A boulder beetle (D:11)
  2 two-headed ogres
  A komodo dragon (D:11)
  3 trolls
  A hornet (D:9)
  8 yaks (D:9)
  Sigmund (D:3)
  2 basilisks (D:11)
  Grum (D:9)
  2 steam dragons
  3 water moccasins
  2 black bears
  6 orc warriors
  An ice beast (D:5)
  4 wolves (D:9)
  3 kobold brigands
  A bullfrog (D:7)
  2 scorpions
  A gnoll sergeant (D:11)
  22 wights
  10 killer bees
  A howler monkey (D:9)
  3 electric eels (D:9)
  A hound (D:4)
  4 orc priests
  2 jellies (D:5)
  Natasha (thrice) (D:3)
  A sleepcap (D:6)
  Terence (D:2)
  3 iguanas
  7 orc wizards
  5 gnolls (D:11)
  2 adders
  A white imp (D:5)
  4 ufetubi (D:6)
  5 dart slugs
  3 ribbon worms (D:2)
  15 orcs
  4 ball pythons (D:4)
  3 bats (D:1)
  3 endoplasms
  3 giant cockroaches
  3 goblins
  7 hobgoblins
  15 kobolds
  2 quokkas
  3 frilled lizards
  2 rats
184 creatures vanquished.

Vanquished Creatures (collateral kills)
  2 electric eels (D:9)
2 creatures vanquished.

Vanquished Creatures (others)
  3 orc wizards
  8 orcs
11 creatures vanquished.

Grand Total: 197 creatures vanquished

Notes
Turn   | Place    | Note
-------+----------+-------------------------------------------
     0 | D:5      | HourglassMan the Minotaur Delver began the quest for the
                  | Orb.
     0 | D:5      | Reached XP level 1. HP: 19/19 MP: 0/0
     2 | D:5      | Noticed an orc priest
     4 | D:5      | Noticed an orc warrior
    96 | D:4      | Noticed a hound
   117 | D:4      | Reached skill level 3 in Axes
   193 | D:4      | Noticed a scorpion
   233 | D:3      | Reached XP level 2. HP: 26/27 MP: 1/1
   289 | D:2      | Noticed Terence
  1341 | D:1      | Reached XP level 3. HP: 33/33 MP: 2/2
  1463 | D:1      | Reached skill level 4 in Axes
  2033 | D:2      | Killed Terence
  2037 | D:2      | Reached XP level 4. HP: 33/41 MP: 3/3
  2295 | D:3      | Noticed Natasha
  2305 | D:3      | Killed Natasha
  2424 | D:3      | Reached skill level 5 in Axes
  2451 | D:3      | Noticed Sigmund
  2483 | D:3      | Killed Sigmund
  2484 | D:3      | Reached skill level 5 in Fighting
  2484 | D:3      | Reached skill level 6 in Axes
  2484 | D:3      | Reached XP level 5. HP: 25/48 MP: 4/4
  2484 | D:3      | Reached XP level 6. HP: 30/56 MP: 5/5
  2610 | D:3      | Noticed Natasha
  2624 | D:3      | Killed Natasha
  2659 | D:3      | Noticed Natasha
  2669 | D:3      | Killed Natasha
  3561 | D:5      | Noticed an ice beast
  3576 | D:5      | Killed an ice beast
  3577 | D:5      | Reached skill level 7 in Axes
  3577 | D:5      | Reached XP level 7. HP: 12/62 MP: 6/6
  4189 | D:5      | Identified the +0 ring mail of Toetat {rC+}
  4379 | D:5      | Found a staircase to the Ecumenical Temple.
  4509 | Temple   | Entered the Ecumenical Temple
  4569 | D:6      | Reached skill level 8 in Axes
  4787 | D:6      | Noticed a steam dragon
  4798 | D:6      | Killed a steam dragon
  4799 | D:6      | Reached XP level 8. HP: 68/71 MP: 7/7
  4824 | D:6      | Found an ornate altar of the Wu Jian Council.
  4851 | D:6      | Found a glowing silver altar of Zin.
  5072 | D:6      | Found a hazy altar of Hepliaklqana.
  5243 | D:6      | Found a snail-covered altar of Cheibriados.
  5258 | D:6      | Found an opulent altar of Gozag.
  5475 | D:6      | Reached skill level 5 in Armour
  5741 | D:7      | Became a worshipper of Beogh the Shepherd
  5823 | D:7      | Reached skill level 9 in Axes
  6080 | D:7      | Noticed a two-headed ogre
  6092 | D:7      | Killed a two-headed ogre
  6093 | D:7      | Reached skill level 10 in Axes
  6093 | D:7      | Noticed Joseph
  6468 | D:7      | Reached XP level 9. HP: 69/81 MP: 8/8
  6883 | D:8      | Reached skill level 11 in Axes
  7573 | D:8      | Found an ancient bone altar of Kikubaaqudgha.
  7655 | D:8      | Found a staircase to the Lair.
  7674 | D:8      | Reached * piety under Beogh
  7866 | D:8      | Reached skill level 12 in Axes
  8642 | D:9      | Reached XP level 10. HP: 84/91 MP: 9/9
  8824 | D:9      | Reached skill level 1 in Invocations
  8932 | D:9      | Noticed Grum
  8951 | D:9      | Reached ** piety under Beogh
  8952 | D:9      | Reached skill level 13 in Axes
  8955 | D:9      | Killed Grum
  9685 | D:9      | Reached skill level 10 in Fighting
 10135 | D:10     | Entered Level 10 of the Dungeon
 10137 | D:10     | Noticed a centaur warrior
 10381 | D:10     | Found a staircase to the Orcish Mines.
 10389 | D:10     | Found a roughly hewn altar of Beogh.
 10489 | D:10     | Noticed a two-headed ogre
 10496 | D:10     | Killed a centaur warrior
 10497 | D:10     | Reached skill level 14 in Axes
 10498 | D:10     | Killed a two-headed ogre
 10499 | D:10     | Reached XP level 11. HP: 27/101 MP: 12/12
 10957 | D:10     | Found Yvacos's Island Escapes.
 11171 | D:10     | Bought a scroll of teleportation for 42 gold pieces
 11171 | D:10     | Bought a scroll of teleportation for 42 gold pieces
 11171 | D:10     | Bought a scroll of blinking for 105 gold pieces
 11171 | D:10     | Bought a scroll of blinking for 105 gold pieces
 11171 | D:10     | Bought a potion of enlightenment for 70 gold pieces
 11171 | D:10     | Bought a potion of haste for 140 gold pieces
 11228 | D:11     | Noticed a boulder beetle
 11241 | D:11     | Killed a boulder beetle
 11391 | D:11     | Identified the +1 chain mail of the Ant {rElec}
 11475 | D:11     | Found a shimmering blue altar of Sif Muna.
 11754 | D:11     | Reached *** piety under Beogh
 11868 | D:11     | Killed from afar by Learuk the orc apostle

Illustrated notes

Levels and vault maps discovered:
D:1:      evilmike_arrival_fibonacci_small, layout_loops_ring, st_stairs_12
D:2:      layout_loops_corners, uniq_terence
D:3:      layout_basic, uniq_natasha, uniq_sigmund
D:4:      layout_loops_ring
D:5:      layout_cave_pools, minmay_temple_entry_fiery,
          nicolae_twisty_statue_hallways
D:6:      layout_gridville, old_standard_altar,
          nicolae_overflow_quartered_altars
D:7:      layout_basic, serial_bayou, serial_bayou_lagoon_b,
          serial_bayou_ford_a, serial_bayou_shore_b, serial_bayou_pond_e,
          serial_bayou_shore_b, uniq_joseph
D:8:      layout_loops_ring, mainiacjoe_overflow_alcove_4, lair_entry_dummy,
          enter_bailey_2
D:9:      layout_basic, uniq_grum
D:10:     layout_rooms, minmay_orc_entry_temple_small, nicolae_island_escapes
D:11:     layout_basic, lemuel_blue_sif_altar
Temple:   compressed_dpeg_triangle_lava_temple

Skill      XL: |  1  2  3  4  5  6  7  8  9 10 11 |
---------------+----------------------------------+-----
Axes           | 3 4 6 7 8 10 12 14 | 14.6
Fighting       | 4 5 6 8 9 10 11 | 11.0
Armour         | 2 3 4 6 8 9 |  9.9
Invocations    | 3 4 |  4.5
Dodging        | |  2.1
Stealth        | |  4.1

Action                     |  1- 3 |  4- 6 |  7- 9 | 10-12 || total
---------------------------+-------+-------+-------+-------++-------
  Melee: Hand axe          |    63 |    96 |   124 |       ||   283
         Headbutt          |    15 |    18 |    59 |    32 ||   124
         War axe           |       |       |   160 |       ||   160
         Battleaxe         |       |       |    18 |   148 ||   166
 Invoke: Convert to Beogh  |       |       |     1 |       ||     1
  Evoke: Wand              |       |       |       |     1 ||     1
    Use: Scroll            |       |       |     3 |    10 ||    13
         Potion            |       |       |     2 |     4 ||     6
   Stab: Sleeping          |     5 |       |       |       ||     5
         Invisible         |       |       |       |     5 ||     5
 Armour: Leather armour    |    37 |       |       |       ||    37
         Chain mail        |     7 |    72 |   304 |   230 ||   613
  Dodge: Dodged            |    26 |    28 |   125 |    84 ||   263

Table legend: (Time is in decaauts)
 A = Elapsed time spent in this place.
 B = Non-inter-level travel time spent in this place.
 C = Inter-level travel time spent in this place.
 D = Time resting spent in this place.
 E = Time spent auto-exploring this place.
 F = Levels seen in this place.
 G = Mean time per level.
                   A        B        C        D        E       F      G
               +--------+--------+--------+--------+--------+-----+--------+
         Total |  11863 |  11153 |    710 |   2113 |   7325 |  12 |  988.6 |
       Dungeon |  11862 |  11152 |    710 |   2113 |   7325 |  11 | 1078.4 |
        Temple |      1 |      1 |      0 |      0 |      0 |   1 |    1.0 |
               +--------+--------+--------+--------+--------+-----+--------+

Top non-repeatable levels by time:
     D:9: 1816 daAuts
     D:6: 1620 daAuts
     D:8: 1346 daAuts
     D:2: 1121 daAuts
     D:5: 1087 daAuts
    D:10: 1027 daAuts
     D:3: 893 daAuts
     D:7: 806 daAuts
     D:4: 763 daAuts
     D:1: 723 daAuts
    D:11: 654 daAuts
  Temple: 1 daAuts

Table legend:
 A = Kills in this place as a percentage of kills in the entire game.
 B = Kills by you in this place as a percentage of kills by you in the entire game.
 C = Kills by friends in this place as a percentage of kills by friends in the entire game.
 D = Other kills in this place as a percentage of other kills in the entire game.
 E = Experience gained in this place as a percentage of experience gained in the entire game.
 F = Experience gained in this place divided by the number of levels of this place that you have seen.
                   A       B       C       D       E      F
               +-------+-------+-------+-------+-------+----------------------
         Total | 100.0 | 100.0 | 100.0 | 100.0 | 100.0 | 1171.2
       Dungeon | 100.0 | 100.0 | 100.0 | 100.0 | 100.0 | 1277.7
               +-------+-------+-------+-------+-------+----------------------
